[ AOE2 MATCH · #507287924 ]
UnrankedGurjaras vs Incas
Player's team · WIN
Rival team · LOSS
[ REPLAY ANALYSIS · EXTRACTED FROM THE RECORDED GAME ]
Feudal
8:55
Castle
20:09
Imperial
36:43
| APM avg | 46.0 |
| APM peak | 90 |
| eAPM avg | 27.4 |
| Villagers / military | 116 / 155 |
Focus
⚔️ 41.0% · 🌾 59.0%
Chakram Thrower ×65 · Scout Cavalry ×30 · Shrivamsha Rider ×24 · Archer ×16 · Hand Cannoneer ×11 · Trebuchet (Packed) ×4
Feudal
12:50
Castle
19:56
Imperial
35:57
| APM avg | 30.4 |
| APM peak | 64 |
| eAPM avg | 19.4 |
| Villagers / military | 141 / 202 |
Focus
⚔️ 35.7% · 🌾 64.3%
Skirmisher ×136 · Kamayuk ×60 · Unknown (2550) ×15 · Trebuchet (Packed) ×4 · Monk ×2
Match map
Initial resources + every placement click. Lines = walls · curves = elevation contours. ◆ gold · ⬟ stone · ● berries · ✦ relic · ◌ wall gap
Your base· ✓ Closed at 20:09 · 49t walls · 2 gate(s)
SirYurek's base· ✓ Closed at 19:56 · 56t walls · 1 gate(s)
Smoothed initial terrain · ◌ = detected wall gap · hover for details
Inputs per minute
— 巨大豚 - - SirYurek
Build order — 巨大豚
First 150 of 419 actions detected
| 0:02 | Create | Villager (Male) |
| 0:03 | Build | House |
| 0:05 | Build | House |
| 0:11 | Create | Villager (Male) |
| 0:18 | Create | Villager (Male) |
| 0:25 | Create | Villager (Male) |
| 0:58 | Build | Mill |
| 1:43 | Create | Villager (Male) |
| 2:06 | Create | Villager (Male) |
| 2:33 | Create | Villager (Male) |
| 2:59 | Create | Villager (Male) |
| 3:16 | Create | Villager (Male) |
| 3:42 | Create | Villager (Male) |
| 3:54 | Build | House |
| 3:56 | Create | Villager (Male) |
| 4:07 | Create | Villager (Male) |
| 4:30 | Create | Villager (Male) |
| 4:49 | Create | Villager (Male) |
| 4:59 | Create | Villager (Male) |
| 5:07 | Create | Villager (Male) |
| 5:17 | Build | Lumber Camp |
| 5:22 | Build | Lumber Camp |
| 5:30 | Create | Villager (Male) |
| 5:51 | Create | Villager (Male) |
| 5:52 | Research | Loom |
| 6:09 | Build | Palisade Wall |
| 6:10 | Build | Palisade Wall |
| 6:15 | Build | Palisade Wall |
| 6:24 | Research | Feudal Age |
| 7:30 | Build | Palisade Wall |
| 7:52 | Build | Barracks |
| 7:57 | Create | Villager (Male) |
| 7:59 | Create | Villager (Male) |
| 8:46 | Create | Villager (Male) |
| 8:55 | Age | Feudal Age |
| 8:55 | Build | Archery Range |
| 9:01 | Build | Palisade Wall |
| 9:02 | Build | Palisade Wall |
| 9:11 | Research | Double-Bit Axe |
| 9:15 | Build | House |
| 9:17 | Create | Villager (Male) |
| 9:30 | Create | Villager (Male) |
| 9:41 | Build | Mining Camp |
| 9:49 | Create | Archer |
| 10:14 | Create | Villager (Male) |
| 10:21 | Build | Palisade Gate |
| 10:28 | Create | Archer |
| 10:34 | Create | Villager (Male) |
| 10:44 | Build | Farm |
| 10:48 | Build | Farm |
| 10:50 | Create | Villager (Male) |
| 10:57 | Build | Palisade Wall |
| 11:04 | Build | House |
| 11:09 | Build | Palisade Wall |
| 11:12 | Create | Archer |
| 11:14 | Build | Farm |
| 11:21 | Create | Villager (Male) |
| 11:25 | Build | House |
| 11:26 | Build | Palisade Wall |
| 11:31 | Create | Archer |
| 11:32 | Create | Villager (Male) |
| 11:51 | Build | Farm |
| 12:15 | Build | Palisade Wall |
| 12:20 | Create | Villager (Male) |
| 12:24 | Build | Farm |
| 12:34 | Build | Palisade Wall |
| 12:36 | Create | Villager (Male) |
| 12:40 | Build | Palisade Wall |
| 12:42 | Build | Palisade Wall |
| 12:49 | Build | Palisade Wall |
| 12:50 | Build | Palisade Wall |
| 12:53 | Build | Farm |
| 12:54 | Create | Archer |
| 12:55 | Create | Villager (Male) |
| 13:01 | Build | Farm |
| 13:26 | Build | House |
| 13:28 | Build | House |
| 13:35 | Build | House |
| 13:36 | Build | Palisade Wall |
| 13:39 | Create | Archer |
| 13:42 | Build | Farm |
| 13:50 | Create | Villager (Male) |
| 13:53 | Build | Farm |
| 14:07 | Build | Farm |
| 14:35 | Build | House |
| 14:42 | Create | Archer |
| 14:51 | Build | Farm |
| 14:55 | Create | Villager (Male) |
| 14:58 | Create | Archer |
| 15:12 | Build | Palisade Wall |
| 15:14 | Build | Palisade Wall |
| 15:19 | Create | Archer |
| 15:27 | Build | Farm |
| 15:35 | Build | Farm |
| 15:38 | Create | Villager (Male) |
| 15:44 | Build | Farm |
| 15:58 | Build | Farm |
| 16:07 | Create | Archer |
| 16:22 | Build | Farm |
| 16:39 | Create | Villager (Male) |
| 16:40 | Create | Villager (Male) |
| 16:53 | Build | Blacksmith |
| 16:56 | Research | Town Watch |
| 17:09 | Create | Archer |
| 17:19 | Research | Castle Age |
| 17:40 | Build | Lumber Camp |
| 17:46 | Create | Archer |
| 18:09 | Create | Archer |
| 18:19 | Research | Horse Collar |
| 18:25 | Create | Archer |
| 18:28 | Build | House |
| 18:31 | Build | House |
| 19:04 | Build | Stable |
| 19:14 | Build | Palisade Wall |
| 19:25 | Build | Palisade Gate |
| 19:31 | Build | Palisade Wall |
| 19:49 | Research | Fletching |
| 20:03 | Create | Villager (Male) |
| 20:09 | Build | House |
| 20:09 | Age | Castle Age |
| 20:10 | Build | House |
| 20:11 | Build | House |
| 20:15 | Research | Crossbowman (upgrade) |
| 20:24 | Create | Shrivamsha Rider |
| 20:30 | Research | Bodkin Arrow |
| 20:31 | Create | Villager (Male) |
| 20:36 | Build | Stable |
| 20:39 | Build | Farm |
| 20:39 | Build | Farm |
| 20:44 | Build | Farm |
| 20:45 | Build | Farm |
| 21:00 | Research | Bloodlines |
| 21:00 | Create | Shrivamsha Rider |
| 21:03 | Create | Villager (Male) |
| 21:06 | Build | Farm |
| 21:21 | Create | Shrivamsha Rider |
| 21:35 | Create | Shrivamsha Rider |
| 21:39 | Create | Villager (Male) |
| 21:44 | Build | Town Center |
| 21:51 | Create | Villager (Male) |
| 21:58 | Build | House |
| 21:59 | Build | House |
| 22:05 | Create | Shrivamsha Rider |
| 22:08 | Create | Villager (Male) |
| 22:10 | Build | House |
| 22:15 | Build | Palisade Wall |
| 22:20 | Create | Shrivamsha Rider |
| 22:27 | Create | Archer |
| 22:27 | Create | Archer |
| 22:30 | Create | Elephant Archer |
Build order — SirYurek
First 150 of 387 actions detected
| 0:00 | Create | Villager (Male) |
| 0:01 | Create | Villager (Male) |
| 0:02 | Build | House |
| 0:03 | Build | House |
| 0:11 | Create | Villager (Male) |
| 0:11 | Create | Villager (Male) |
| 1:28 | Create | Villager (Male) |
| 1:55 | Build | Settlement |
| 2:00 | Create | Villager (Male) |
| 2:14 | Create | Villager (Male) |
| 2:14 | Create | Villager (Male) |
| 2:48 | Create | Villager (Male) |
| 2:49 | Create | Villager (Male) |
| 3:12 | Create | Villager (Male) |
| 3:36 | Create | Villager (Male) |
| 4:05 | Create | Villager (Male) |
| 4:05 | Create | Villager (Male) |
| 4:47 | Create | Villager (Male) |
| 5:08 | Create | Villager (Male) |
| 5:13 | Build | Barracks |
| 5:49 | Create | Villager (Male) |
| 5:54 | Create | Villager (Male) |
| 6:23 | Build | Settlement |
| 6:26 | Create | Villager (Male) |
| 6:30 | Create | Unit 2550 |
| 6:31 | Create | Unit 2550 |
| 6:32 | Create | Unit 2550 |
| 6:32 | Create | Unit 2550 |
| 6:32 | Create | Unit 2550 |
| 6:50 | Create | Villager (Male) |
| 7:23 | Create | Villager (Male) |
| 7:51 | Build | Settlement |
| 7:53 | Create | Villager (Male) |
| 7:58 | Create | Villager (Male) |
| 8:43 | Create | Villager (Male) |
| 8:55 | Research | Loom |
| 9:09 | Build | Settlement |
| 9:33 | Create | Villager (Male) |
| 10:05 | Create | Villager (Male) |
| 10:20 | Build | Farm |
| 10:22 | Build | Farm |
| 10:40 | Research | Feudal Age |
| 10:45 | Build | Palisade Wall |
| 10:51 | Build | Palisade Wall |
| 10:58 | Build | Palisade Wall |
| 11:02 | Build | Farm |
| 11:02 | Build | Farm |
| 11:27 | Build | Palisade Wall |
| 12:24 | Build | Palisade Wall |
| 12:33 | Create | Villager (Male) |
| 12:34 | Create | Villager (Male) |
| 12:50 | Age | Feudal Age |
| 12:52 | Research | Tech 1402 |
| 12:58 | Build | House |
| 13:05 | Build | Settlement |
| 13:07 | Build | Palisade Wall |
| 13:16 | Create | Villager (Male) |
| 13:18 | Research | Double-Bit Axe |
| 13:20 | Build | Farm |
| 13:21 | Build | Farm |
| 13:29 | Build | Farm |
| 13:31 | Create | Villager (Male) |
| 13:58 | Build | Settlement |
| 14:17 | Create | Unit 2550 |
| 14:17 | Create | Unit 2550 |
| 14:29 | Create | Villager (Male) |
| 14:34 | Create | Villager (Male) |
| 14:43 | Build | Palisade Gate |
| 15:07 | Create | Villager (Male) |
| 15:30 | Build | Blacksmith |
| 15:34 | Create | Unit 2550 |
| 15:37 | Create | Villager (Male) |
| 15:54 | Build | Farm |
| 15:56 | Create | Villager (Male) |
| 16:10 | Create | Unit 2550 |
| 16:16 | Research | Scale Mail Armor |
| 16:50 | Build | Archery Range |
| 16:51 | Create | Villager (Male) |
| 17:14 | Research | Castle Age |
| 17:31 | Build | Farm |
| 17:32 | Build | Farm |
| 17:33 | Build | Farm |
| 17:34 | Research | Horse Collar |
| 17:58 | Research | Forging |
| 18:10 | Research | Arson |
| 18:59 | Create | Skirmisher |
| 18:59 | Create | Skirmisher |
| 18:59 | Create | Skirmisher |
| 19:01 | Build | Archery Range |
| 19:13 | Research | Fletching |
| 19:56 | Age | Castle Age |
| 19:58 | Create | Villager (Male) |
| 19:58 | Create | Villager (Male) |
| 20:15 | Create | Villager (Male) |
| 20:16 | Create | Villager (Male) |
| 20:16 | Create | Villager (Male) |
| 20:29 | Build | Town Center |
| 20:34 | Research | Bow Saw |
| 20:47 | Research | Elite Skirmisher (upgrade) |
| 20:49 | Create | Skirmisher |
| 20:59 | Build | Farm |
| 21:00 | Build | Farm |
| 21:10 | Create | Villager (Male) |
| 21:19 | Create | Skirmisher |
| 21:19 | Create | Skirmisher |
| 21:19 | Create | Skirmisher |
| 22:05 | Research | Bodkin Arrow |
| 22:08 | Create | Villager (Male) |
| 22:12 | Create | Skirmisher |
| 22:12 | Create | Skirmisher |
| 22:12 | Create | Skirmisher |
| 22:13 | Create | Skirmisher |
| 22:23 | Build | Town Center |
| 22:32 | Create | Villager (Male) |
| 22:49 | Build | Settlement |
| 22:52 | Create | Villager (Male) |
| 22:52 | Create | Villager (Male) |
| 23:13 | Create | Villager (Male) |
| 23:13 | Create | Villager (Male) |
| 23:21 | Create | Villager (Male) |
| 23:36 | Create | Skirmisher |
| 23:37 | Create | Skirmisher |
| 23:37 | Create | Skirmisher |
| 23:57 | Create | Villager (Male) |
| 23:57 | Create | Villager (Male) |
| 24:04 | Create | Skirmisher |
| 24:19 | Build | Monastery |
| 24:21 | Create | Skirmisher |
| 24:21 | Create | Skirmisher |
| 24:22 | Create | Villager (Male) |
| 24:22 | Create | Villager (Male) |
| 24:39 | Build | Farm |
| 24:40 | Build | Farm |
| 24:43 | Create | Villager (Male) |
| 24:43 | Create | Villager (Male) |
| 24:43 | Create | Villager (Male) |
| 24:46 | Build | Farm |
| 24:47 | Build | Farm |
| 25:03 | Create | Monk |
| 25:03 | Create | Monk |
| 25:07 | Create | Villager (Male) |
| 25:07 | Create | Villager (Male) |
| 25:08 | Create | Villager (Male) |
| 25:18 | Create | Villager (Male) |
| 25:18 | Create | Villager (Male) |
| 25:29 | Build | House |
| 25:32 | Create | Villager (Male) |
| 25:33 | Create | Villager (Male) |
| 25:34 | Create | Villager (Male) |
| 25:45 | Create | Skirmisher |
Match timeline
| 5:13 | SirYurek · first_building Barracks |
| 6:09 | 巨大豚 · wall_segment Palisade Wall x1 |
| 6:10 | 巨大豚 · wall_segment Palisade Wall x1 |
| 6:15 | 巨大豚 · wall_segment Palisade Wall x1 |
| 7:30 | 巨大豚 · wall_segment Palisade Wall x1 |
| 7:52 | 巨大豚 · first_building Barracks |
| 8:55 | 巨大豚 · age_up feudal |
| 8:55 | 巨大豚 · first_building Archery Range |
| 9:01 | 巨大豚 · wall_segment Palisade Wall x5 |
| 9:02 | 巨大豚 · wall_segment Palisade Wall x7 |
| 10:45 | SirYurek · wall_segment Palisade Wall x6 |
| 10:51 | SirYurek · wall_segment Palisade Wall x13 |
| 10:57 | 巨大豚 · wall_segment Palisade Wall x1 |
| 10:58 | SirYurek · wall_segment Palisade Wall x10 |
| 11:09 | 巨大豚 · wall_segment Palisade Wall x11 |
| 11:26 | 巨大豚 · wall_segment Palisade Wall x1 |
| 11:27 | SirYurek · wall_segment Palisade Wall x16 |
| 12:15 | 巨大豚 · wall_segment Palisade Wall x1 |
| 12:24 | SirYurek · wall_segment Palisade Wall x11 |
| 12:34 | 巨大豚 · wall_segment Palisade Wall x2 |
| 12:40 | 巨大豚 · wall_segment Palisade Wall x1 |
| 12:42 | 巨大豚 · wall_segment Palisade Wall x4 |
| 12:49 | 巨大豚 · wall_segment Palisade Wall x8 |
| 12:50 | SirYurek · age_up feudal |
| 12:50 | 巨大豚 · wall_segment Palisade Wall x1 |
| 13:07 | SirYurek · wall_segment Palisade Wall x1 |
| 13:36 | 巨大豚 · wall_segment Palisade Wall x1 |
| 15:12 | 巨大豚 · wall_segment Palisade Wall x1 |
| 15:14 | 巨大豚 · wall_segment Palisade Wall x1 |
| 16:50 | SirYurek · first_building Archery Range |
| 19:04 | 巨大豚 · first_building Stable |
| 19:14 | 巨大豚 · wall_segment Palisade Wall x1 |
| 19:31 | 巨大豚 · wall_segment Palisade Wall x1 |
| 19:56 | SirYurek · age_up castle |
| 20:09 | 巨大豚 · age_up castle |
| 22:15 | 巨大豚 · wall_segment Palisade Wall x1 |
| 24:19 | SirYurek · first_building Monastery |
| 25:03 | 巨大豚 · first_market_buy 100 food |
| 28:09 | 巨大豚 · first_building Monastery |
| 30:42 | 巨大豚 · wall_segment Stone Wall x19 |
| 31:15 | 巨大豚 · first_building Castle |
| 32:28 | SirYurek · first_building Castle |
| 33:17 | 巨大豚 · first_market_sell 500 wood |
| 35:03 | SirYurek · wall_segment Palisade Wall x14 |
| 35:57 | SirYurek · age_up imperial |
| 36:15 | 巨大豚 · wall_segment Stone Wall x10 |
| 36:43 | 巨大豚 · age_up imperial |
| 36:55 | SirYurek · wall_segment Palisade Wall x14 |
| 38:09 | 巨大豚 · first_building Siege Workshop |
| 38:20 | 巨大豚 · wall_segment Stone Wall x9 |
| 38:26 | 巨大豚 · wall_segment Stone Wall x13 |
| 45:21 | SirYurek · resign |
[ AI ANALYSIS · 1 CREDIT ]
What really happened in this match?
Wolo.gg analyzes every decision: build order, eco, micro, common mistakes by bracket. Personalized analysis on WhatsApp or Discord in 30 seconds.
Civ guide
Gurjaras
Perfil
Jugador #3075382